 Dungeon Crawl Stone Soup version 0.18-b1-10-g3f7de93 (webtiles) character file.

122 Lovchig the Skirmisher (level 4, -5/42 HPs)
             Began as a Minotaur Berserker on Apr 29, 2016.
             Was a Believer of Trog.
             Slain by Duvessa
             ... wielding a +2 short sword of protection
              (8 damage)
             ... on level 4 of the Dungeon.
             The game lasted 00:24:18 (2412 turns).

Lovchig the Skirmisher (Minotaur Berserker)         Turns: 2412, Time: 00:24:18

Health: -5/42      AC: 12    Str: 23    XL:     4   Next: 78%
Magic:  3/3        EV:  9    Int:  4    God:    Trog [**....]
Gold:   92         SH:  0    Dex:  9    Spells: 0 memorised, 3 levels left

rFire  . . .     SeeInvis .     a - +2 hand axe
rCold  . . .     Gourm    .     d - +0 chain mail
rNeg   . . .     Faith    .     (no shield)
rPois  .         Spirit   .     (helmet restricted)
rElec  .         Dismiss  .     (no cloak)
rCorr  .         Reflect  .     q - +2 pair of gloves
SustAt .         Harm     .     (no boots)
MR     .....                    (no amulet)
Stlth  ..........               (no ring)
                                (no ring)

@: not resistant to hostile enchantments, extremely unstealthy
A: retaliatory headbutt, horns 2
a: Berserk, Trog's Hand, Burn Spellbooks, Renounce Religion


You were on level 4 of the Dungeon.
You worshipped Trog.
Trog was pleased with you.
You were not hungry.

You visited 1 branch of the dungeon, and saw 4 of its levels.

You collected 92 gold pieces.

Inventory:

Hand Weapons
 a - a +2 hand axe (weapon)
 h - a +2 dagger of speed
Armour
 b - a +0 animal skin
 d - a +0 chain mail (worn)
 q - a +2 pair of gloves (worn)
Jewellery
 e - an uncursed amulet of magic regeneration
 f - an uncursed ring of loudness
Scrolls
 j - a scroll of identify
 k - a scroll of teleportation
Potions
 i - a potion of degeneration
 l - a potion of brilliance
 m - 3 potions of curing
 p - a potion of cancellation
Comestibles
 c - a bread ration
 g - a slice of pizza
 n - a meat ration


   Skills:
 + Level 5.0 Fighting
 + Level 4.6 Axes
 + Level 2.9 Armour
 + Level 3.2 Dodging
 + Level 0.3 Stealth


You had 3 spell levels left.
You didn't know any spells.

Dungeon Overview and Level Annotations

Branches:
Dungeon (4/15)
 Temple: D:4-7

Altars:
Ashenzari
Fedhas
Pakellas
Qazlal

Annotations:
D:4 Duvessa


Innate Abilities, Weirdness & Mutations

You reflexively headbutt those who attack you in melee.
You have a pair of horns on your head.


Message History

Duvessa barely misses you.
You hit Duvessa.
Duvessa is moderately wounded.
Duvessa barely misses you. You furiously retaliate!
You headbutt Duvessa. Duvessa closely misses you. You furiously retaliate!
You headbutt Duvessa. You barely miss Duvessa.
Duvessa is heavily wounded.
Duvessa hits you with a short sword of protection.
* * * LOW HITPOINT WARNING * * *
Duvessa hits you with a short sword of protection.
* * * LOW HITPOINT WARNING * * *
You hit Duvessa. Your headbutt misses Duvessa.
Duvessa is heavily wounded.
Duvessa barely misses you.
You closely miss Duvessa. Your headbutt misses Duvessa.
Duvessa is heavily wounded.
Duvessa hits you with a short sword of protection.
* * * LOW HITPOINT WARNING * * *
Duvessa hits you with a short sword of protection!
You die...

#)..$......#
###..........# #..
.......... #.#
#.............
#.###.............
#.#...............
#e#.....####......
#@)...............
###...............
#####.........#
#.........##
#...........
##..<(...###
#..........
#..........
#..........


You could see Duvessa (berserk).

Vanquished Creatures
  Dowan (D:4)
  A gnoll (D:1)
  An adder (D:3)
  2 dart slugs
  A giant gecko (D:3)
  15 goblins
  6 hobgoblins
  4 jackals (D:3)
  A ball python (D:1)
  5 bats
  A giant newt (D:1)
  5 kobolds
  7 rats
50 creatures vanquished.

Notes
Turn   | Place    | Note
--------------------------------------------------------------
     0 | D:1      | Lovchig the Minotaur Berserker began the quest for the Orb.
     0 | D:1      | Reached XP level 1. HP: 19/19 MP: 0/0
    39 | D:1      | Reached skill level 4 in Fighting
    39 | D:1      | Reached XP level 2. HP: 13/27 MP: 1/1
   520 | D:1      | Reached ** piety under Trog
   707 | D:1      | Reached XP level 3. HP: 32/33 MP: 2/2
  1753 | D:3      | Found a faded altar to an unknown god.
  1902 | D:3      | Found a blossoming altar of Fedhas.
  1946 | D:3      | Found a shattered altar of Ashenzari.
  2128 | D:3      | Found a stormy altar of Qazlal.
  2128 | D:3      | Found an oddly glowing altar of Pakellas.
  2177 | D:3      | Reached XP level 4. HP: 40/41 MP: 3/3
  2366 | D:4      | Noticed Duvessa
  2366 | D:4      | Noticed Dowan
  2402 | D:4      | Killed Dowan
  2402 | D:4      | Reached skill level 5 in Fighting
  2412 | D:4      | Slain by Duvessa

Skill      XL: |  1  2  3  4 |
---------------+-------------+-----
Fighting       | 4 5 |  5.0
Axes           | 4 |  4.6
Dodging        | 3 |  3.2
Armour         | |  2.9
Stealth        | |  0.3

Action                   |  1- 3 |  4- 6 || total
-------------------------+-------+-------++-------
Melee: Hand axe          |    71 |    26 ||    97
       Headbutt          |    12 |     3 ||    15
  Use: Scroll            |    10 |       ||    10
       Potion            |       |     1 ||     1
  Eat: Bread ration      |     1 |       ||     1
Armor: Animal skin       |    13 |       ||    13
       Chain mail        |    19 |    21 ||    40
Dodge: Dodged            |    49 |    32 ||    81
